 Dungeon Crawl Stone Soup version 0.31-a0-489-g282fc92437 (webtiles) character file.

Game seed: 945767149845627602

1157 Ethylacetat the Sneak (level 8, -2/54 HPs)
             Began as an Octopode Brigand on Aug 8, 2023.
             Was an Initiate of Gozag.
             Killed from afar by an electric eel (9 damage)
             ... with a bolt of electricity
             ... on level 6 of the Dungeon.
             The game lasted 00:07:38 (3957 turns).

Ethylacetat the Sneak (Octopode Brigand)            Turns: 3957, Time: 00:07:39

Health: -2/54      AC:  1    Str: 14    XL:     8   Next: 39%
Magic:  0/8        EV: 15    Int: 13    God:    Gozag
Gold:   218        SH:  0    Dex: 21    Spells: 7/7 levels left

rFire   . . .        d - +5 whip of Vinoxko {protect, Str+3}
rCold   . . .        (no shield)
rNeg    . . .        (helmet currently unavailable)
rPois   .            l - amulet of guardian spirit
rElec   .            u - +6 ring of dexterity
rCorr   .            (no ring)
SInv    .            (no ring)
Will    .....        (no ring)
Stlth   ++++++       (no ring)
HPRegen 0.29/turn    (no ring)
MPRegen 0.11/turn    (no ring)
                     (no ring)

%: guardian spirit
@: beast-form
A: beast (slay +3), almost no armour, amphibious, 8 rings, camouflage 1,
gelatinous body 1, nimble swimmer 1, tentacles
a: Begin Untransformation, Renounce Religion, Potion Petition, Call Merchant,
Bribe Branch


You were on level 6 of the Dungeon.
You worshipped Gozag.
Gozag was aware of your devotion.
You were a hulking beast.
You visited 2 branches of the dungeon, and saw 7 of its levels.

You collected 290 gold pieces.
You paid 72 gold pieces to Gozag.

Inventory:

Hand Weapons
 a - a +2 dagger
 d - the +5 whip of Vinoxko (weapon) {protect, Str+3}
   (You found it on level 2 of the Dungeon)

   Str:       It affects your strength (+3).
Missiles
 b - 19 poisoned darts (quivered)
 c - 4 curare-tipped darts
Jewellery
 l - an amulet of guardian spirit (around mantle)
 u - a +6 ring of dexterity (left tentacle)
 w - the ring of Doubts {*Corrode Fly rC++ Int+6 SInv}
   (You found it on level 6 of the Dungeon)

   [ring of intelligence]

   Int:       It affects your intelligence (+6).
   rC:        It greatly protects you from cold.
   SInv:      It lets you see invisible.
   Fly:       It grants you flight.
   *Corrode:  It may corrode you when you take damage.
Talismans
 e - a beast talisman (active)
Wands
 q - a wand of flame (19)
Scrolls
 f - 2 scrolls of immolation {unknown}
 g - a scroll of fear {unknown}
 h - 8 scrolls of identify {unknown}
 j - a scroll of teleportation {unknown}
 k - a scroll of silence {unknown}
 m - 2 scrolls of noise {unknown}
 n - a scroll of enchant armour {unknown}
 t - 2 scrolls of enchant weapon {unknown}
 v - a scroll of blinking {unknown}
Potions
 i - a potion of enlightenment {unknown}
 o - a potion of berserk rage {unknown}
 p - a potion of resistance {unknown}
 r - a potion of brilliance {unknown}
 s - a potion of might {unknown}


   Skills:
 + Level 4.4 Fighting
 - Level 2.2 Short Blades
 + Level 3.6 Maces & Flails
 - Level 2.0 Throwing
 + Level 3.8 Dodging
 + Level 7.6 Stealth
 * Level 4.4 Shapeshifting


You had 7 spell levels left.
You didn't know any spells.
Your spell library contained the following spells:

 Spells                   Type           Power      Damage    Failure   Level
 Apportation              Tloc           0%         N/A       30%         1
 Freeze                   Ice            0%         1d3       30%         1
 Necrotise                Necr           0%         1d4       30%         1
 Slow                     Hex            0%         N/A       30%         1
 Ensorcelled Hibernation  Hex/Ice        0%         N/A       43%         2
 Passwall                 Tmut/Erth      0%         N/A       43%         2
 Static Discharge         Conj/Air       0%         2-2/arc   43%         2
 Confusing Touch          Hex            0%         N/A       67%         3
 Dazzling Flash           Conj/Hex       0%         N/A       67%         3
 Frozen Ramparts          Ice            0%         1d1       67%         3
 Hailstorm                Conj/Ice       0%         3d3       67%         3
 Summon Guardian Golem    Hex/Summ       0%         N/A       67%         3
 Swiftness                Air            0%         N/A       67%         3
 Tukima's Dance           Hex            0%         N/A       67%         3
 Vampiric Draining        Necr           0%         2d6       67%         3
 Volatile Blastmotes      Fire/Tloc      0%         2d10      67%         3
 Airstrike                Air            0%         2d(0-16)  97%         4
 Passage of Golubria      Tloc           0%         N/A       97%         4
 Summon Lightning Spire   Summ/Air       0%         N/A       97%         4
 Agony                    Necr           0%         N/A       100%        5
 Alistair's Intoxication  Tmut/Pois      0%         N/A       100%        5
 Yara's Violent Unravell  Hex/Tmut       0%         3d3       100%        5
 Starburst                Conj/Fire      0%         6d3       100%        6
 Orb of Destruction       Conj           0%         9d5       100%        7
 Spellforged Servitor     Conj/Summ      0%         N/A       100%        7
 Maxwell's Capacitive Co  Air            0%         ∞         100%        8


Dungeon Overview and Level Annotations

Branches:
Dungeon (6/15)             Temple (1/1) D:4

Altars:
Ashenzari
Dithmenos
Elyvilon
Fedhas
Gozag
Hepliaklqana
Makhleb
Nemelex Xobeh
Okawaru
Qazlal
Sif Muna
Vehumet
Wu Jian
Xom
Zin
The Shining One

Shops:
D:2 (   D:4 :


Innate Abilities, Weirdness & Mutations

You are a hulking beast.
Your limbs bulge with bestial killing power. (Slay +3)
You cannot wear most types of armour.
You are amphibious.
You can wear up to eight rings at the same time.
Your skin changes colour to match your surroundings (Stealth+).
Your rubbery body absorbs attacks. (AC +1, EV +1)
You are camouflaged when in or above water. (Stealth+)
You have tentacles for arms and can constrict up to eight enemies at once.


Message History

Unknown command.
You closely miss the ice beast. You squeeze the ice beast!
The ice beast is almost dead.
The ice beast hits you but does no damage.
Unknown command.
You hit the ice beast.
You kill the ice beast!
You feel your dexterity returning.
You see here 14 gold pieces.
Unknown command.
Magic restored.
You enter the deep water.
You enter the deep water.
You enter the shallow water.
An electric eel comes into view.
An electric eel is nearby!
An electric eel comes into view.
The electric eel shoots out a bolt of lightning at you!
The bolt of electricity hits you!
The electric eel shoots out a bolt of lightning at you!
The bolt of electricity hits you!
The electric eel shoots out a bolt of lightning at you!
The bolt of electricity hits you!
You are too injured to fight recklessly!
You are too injured to fight recklessly!
The electric eel shoots out a bolt of lightning at you!
The bolt of electricity hits you!
The electric eel shoots out a bolt of lightning at you!
The bolt of electricity hits you!
* * * LOW HITPOINT WARNING * * *
An electric eel comes into view.
The electric eel shoots out a bolt of lightning at you!
The bolt of electricity hits you!
* * * LOW HITPOINT WARNING * * *
The electric eel shoots out a bolt of lightning at you!
The bolt of electricity misses you.
The electric eel shoots out a bolt of lightning at you!
The bolt of electricity hits you!
You die...
Your body crumbles into a pile of gold.

## #. #. ##. #.# #.#
####################.#
#.....~...~~~...~.~~..
#.≈≈≈h≈~≈≈S≈≈.≈≈≈≈≈~≈≈
#.≈♣♣♣≈.≈♣♣♣≈.≈♣♣♣≈.≈♣
#.. ♣≈~≈♣ ♣≈~≈♣ ♣≈~≈♣
. ♣≈.S♣♣♣S~≈♣♣♣≈.≈♣
≈≈≈.≈≈≈≈≈~≈≈≈≈≈~≈≈
.~~..~~.~~~.....~~.~
.~≈≈≈≈≈.≈≈≈≈≈.≈≈≈≈≈~≈≈
#~≈♣♣♣≈~≈♣♣♣≈~≈♣♣♣≈.≈♣
#.≈ ♣≈.≈♣ ♣≈~≈♣ ♣≈~≈♣


You could see 2 electric eels.

Vanquished Creatures
  Grinder (D:5)
  The ghost of mohammadb5305 the Firebug, an amateur HuFE (D:5)
  Edmund (D:5)
  A black bear (D:5)
  An ice beast (D:6)
  The ghost of paps the Caller, an amateur OpSu (D:4)
  A kobold brigand (D:6)
  A scorpion (D:5)
  3 quasits (D:5)
  A centaur skeleton (D:4)
  2 jellies
  A bullfrog skeleton (D:4)
  5 adders
  A worm (D:3)
  13 orcs
  8 ball pythons
  8 endoplasms
  5 giant cockroaches
  8 goblins
  8 hobgoblins
  5 jackals (D:3)
  10 kobolds
  A quokka (D:2)
  5 bats
  2 frilled lizards
  7 rats
101 creatures vanquished.

Vanquished Creatures (others)
  An orc wizard (D:6)
1 creature vanquished.

Grand Total: 102 creatures vanquished

Notes
Turn   | Place    | Note
-------+----------+-------------------------------------------
     0 | D:1      | Ethylacetat the Octopode Brigand began the quest for the
                  | Orb.
     0 | D:1      | Reached XP level 1. HP: 14/14 MP: 1/1
    42 | D:1      | Found a faded altar of an unknown god.
    51 | D:1      | You fall into a shaft and drop 1 floor!
    59 | D:2      | Identified the +5 whip of Vinoxko {protect, Str+3}
    74 | D:2      | Reached XP level 2. HP: 19/19 MP: 2/2
   412 | D:1      | Reached XP level 3. HP: 23/25 MP: 3/3
   941 | D:2      | Reached skill level 1 in Shapeshifting
  1070 | D:2      | Found Cororiss's Antique Weapon Boutique.
  1088 | D:2      | Reached XP level 4. HP: 30/30 MP: 2/4
  1193 | D:2      | Reached skill level 1 in Maces & Flails
  1384 | D:3      | Found a glowing golden altar of the Shining One.
  1396 | D:3      | Reached XP level 5. HP: 29/36 MP: 3/5
  2170 | D:4      | Reached skill level 6 in Stealth
  2314 | D:4      | Found a runed translucent gate.
  2314 | D:4      | Found a runed translucent gate.
  2315 | D:4      | Found a runed translucent gate.
  2319 | D:4      | Noticed paps's ghost (amateur OpSu)
  2333 | D:4      | Killed paps's ghost
  2334 | D:4      | Reached XP level 6. HP: 36/42 MP: 6/6
  2438 | D:4      | Found a staircase to the Ecumenical Temple.
  2473 | Temple   | Entered the Ecumenical Temple
  2498 | D:4      | Found Qufrefrow's Book Emporium.
  2705 | D:5      | Entered Level 5 of the Dungeon
  2708 | D:5      | Noticed Grinder
  2716 | D:5      | Killed Grinder
  2717 | D:5      | Reached XP level 7. HP: 46/46 MP: 7/7
  2724 | D:5      | Noticed Edmund
  2740 | D:5      | Killed Edmund
  2741 | D:5      | Reached skill level 7 in Stealth
  2793 | D:5      | Noticed mohammadb5305's ghost (amateur HuFE)
  2798 | D:5      | Found a transporter.
  2811 | D:5      | Found a blossoming altar of Fedhas.
  2820 | D:5      | Found a transporter.
  3034 | D:5      | Found a hazy altar of Hepliaklqana.
  3047 | D:5      | Found an opulent altar of Gozag.
  3135 | D:5      | Became a worshipper of Gozag Ym Sagoz the Greedy
  3306 | D:5      | Killed mohammadb5305's ghost
  3307 | D:5      | Reached XP level 8. HP: 52/54 MP: 6/8
  3368 | D:6      | Found a stormy altar of Qazlal.
  3580 | D:6      | Identified the ring of Doubts {*Corrode Fly rC++ Int+6
                  | SInv}
  3957 | D:6      | Killed from afar by an electric eel

Illustrated notes

Levels and vault maps discovered:
D:1:      dpeg_arrival_pits, layout_basic, ebering_ecumenical_altar_abandoned
D:2:      layout_rooms, serial_shops, shop, corexii_hall_statues_i,
          minmay_pentomino_o4
D:3:      layout_basic, lemuel_tele_altar
D:4:      layout_rooms, minmay_temple_entry_gardened_gates,
          gammafunk_ghost_necromancy, serial_shops, nicolae_shop_hallway_plus
D:5:      layout_loops_cross, fedhas_ov_isle_minmay,
          mainiacjoe_overflow_catch_the_wave, gammafunk_ghost_stat_death,
          uniq_grinder, uniq_edmund
D:6:      layout_cave_pods, grunt_qazlal_sundering, kennysheep_boxes
Temple:   minmay_freezing_vapour_temple

Skill      XL: |  1  2  3  4  5  6  7 |
---------------+----------------------+-----
Shapeshifting  | 1 2 3 4 |  4.4
Maces & Flails | 1 2 3 |  3.6
Dodging        | 2 3 |  3.8
Stealth        | 6 7 |  7.6
Fighting       | 3 4 |  4.4
Short Blades   | |  2.2
Throwing       | |  2.0

Action                     |  1- 3 |  4- 6 |  7- 9 || total
---------------------------+-------+-------+-------++-------
  Melee: Dagger            |    10 |       |       ||    10
         Whip              |    53 |    79 |    51 ||   183
         Constrict         |    12 |    15 |     9 ||    36
         Tentacles         |     7 |    19 |    16 ||    42
         Punch             |       |       |     2 ||     2
   Stab: Sleeping          |    15 |    15 |       ||    30
 Armour: Skin              |     8 |    20 |    25 ||    53
  Dodge: Dodged            |    26 |    34 |    50 ||   110
   Form: Beast             |     1 |       |       ||     1

Table legend: (Time is in decaauts)
 A = Elapsed time spent in this place.
 B = Non-inter-level travel time spent in this place.
 C = Inter-level travel time spent in this place.
 D = Time resting spent in this place.
 E = Time spent auto-exploring this place.
 F = Levels seen in this place.
 G = Mean time per level.
                   A        B        C        D        E       F      G
               +--------+--------+--------+--------+--------+-----+--------+
         Total |   3969 |   3760 |    209 |      4 |   3032 |   7 |  567.0 |
       Dungeon |   3967 |   3758 |    209 |      4 |   3032 |   6 |  661.2 |
        Temple |      1 |      1 |      0 |      0 |      0 |   1 |    1.0 |
               +--------+--------+--------+--------+--------+-----+--------+

Top non-repeatable levels by time:
     D:3: 917 daAuts
     D:1: 733 daAuts
     D:5: 644 daAuts
     D:6: 615 daAuts
     D:4: 540 daAuts
     D:2: 516 daAuts
  Temple: 1 daAuts
